 Dungeon Crawl Stone Soup version 0.31-a0-251-gdc1e01ee57 (webtiles) character file.

Game seed: 2627890411890950110

560 qw the Shooter (level 7, -1/43 HPs)
             Began as a Gargoyle Hexslinger on July 12, 2023.
             Slain by an ogre
             ... wielding a +0 giant club
              (2 damage)
             ... on level 5 of the Dungeon.
             The game lasted 00:01:43 (3334 turns).

qw the Shooter (Gargoyle Hexslinger)                Turns: 3334, Time: 00:01:43

Health: -1/43      AC: 11    Str: 12    XL:     7   Next: 31%
Magic:  8/8        EV: 10    Int: 13    God:
Gold:   156        SH:  0    Dex: 14    Spells: 7/8 levels left

rFire   . . .        Y - +1 sling (drain)
rCold   . . .        (no shield)
rNeg    + . .        f - +0 ring mail
rPois   inf          (no helmet)
rElec   +            (no cloak)
rCorr   .            (no gloves)
SInv    .            k - +0 pair of boots
Will    .....        (no amulet)
Stlth   +            (no ring)
HPRegen 0.27/turn    (no ring)
MPRegen 0.11/turn

%: no passive effects
@: no status effects
A: sickness immunity, AC +4, negative energy resistance 1, electricity
resistance, torment resistance 1, petrification resistance
a: no special abilities


You were on level 5 of the Dungeon.
You visited 1 branch of the dungeon, and saw 5 of its levels.

You collected 216 gold pieces.
You spent 60 gold pieces at shops.


Innate Abilities, Weirdness & Mutations

You are immune to sickness and miasma.
Your stone body is resilient. (AC +4)
You are immune to poison.
You resist negative energy. (rN+)
You are resistant to electric shocks. (rElec)
You are resistant to unholy torment.
You are immune to petrification.


   Skills:
 - Level 4.1 Fighting
 + Level 6.7 Ranged Weapons
 - Level 1.0 Armour
 - Level 1.5 Dodging
 - Level 1.0 Spellcasting
 - Level 2.6 Hexes


You had 7 spell levels left.
You knew the following spells:

 Your Spells              Type           Power      Damage    Failure   Level
a - Slow                  Hex            28%        N/A       22%         1

Your spell library contained the following spells:

 Spells                   Type           Power      Damage    Failure   Level
 Inner Flame              Hex/Fire       4%         N/A       73%         3
 Portal Projectile        Hex/Tloc       8%         N/A       73%         3
 Cause Fear               Hex            3%         N/A       91%         4

Inventory:

Hand Weapons
 Y - a +1 sling of draining (weapon)
Armour
 f - a +0 ring mail (worn)
 k - a +0 pair of boots (worn)
Scrolls
 a - a scroll of identify
Potions
 b - a potion of mutation
 c - a potion of resistance {unknown}
 g - 6 potions of curing

Dungeon Overview and Level Annotations

Branches:
Dungeon (5/15)
 Temple: D:4-7

Altars:
Yredelemnul

Shops:
D:1 !   D:3 :

Annotations:
D:5 Pikel


Message History

The sling bullet barely misses the water moccasin.
The sling bullet hits Pikel but does no damage.
You drain Pikel.
Pikel is moderately wounded.
The water moccasin barely misses you. The water moccasin misses you.
You shoot a sling bullet.
The sling bullet barely misses the water moccasin.
The sling bullet hits Pikel but does no damage.
You drain Pikel.
Pikel is heavily wounded.
The water moccasin closely misses you. The water moccasin bites you.
You shoot a sling bullet.
The sling bullet hits the water moccasin but does no damage.
The water moccasin is moderately wounded.
The water moccasin barely misses you.
You shoot a sling bullet.
The sling bullet hits the water moccasin.
The water moccasin is moderately wounded.
The water moccasin closely misses you. The water moccasin misses you.
You shoot a sling bullet.
The sling bullet hits the water moccasin.
You drain the water moccasin.
The water moccasin is heavily wounded.
The water moccasin barely misses you.
You shoot a sling bullet. The sling bullet hits the ogre!
You drain the ogre.
The ogre is severely wounded.
Pikel says, "You'll rust in Dis!"
The orc priest calls down the wrath of Beogh upon you.
Beogh smites you!
You shoot a sling bullet.
The sling bullet hits the ogre but does no damage.
The ogre is severely wounded.
The ogre barely misses you.
You shoot a sling bullet.
The sling bullet barely misses the ogre.
The sling bullet hits Pikel.
Pikel is heavily wounded.
The orc priest mumbles some strange prayers to Beogh against you.
Beogh smites you! The ogre hits you with a +0 giant club.
You die...

#..##....#.#
#..#....%.#
.......
#......###
.......
##.....#
o......
#.....#


Soo.... #.....# 55oo. ##..#### SK5 #.....####O# ####..#..@.# ##.#.#### #>..#
##### You could see Pikel (very drained), a water moccasin (very drained), an
ogre (drained), 3 lemures, an orc priest, an adder and 4 orcs.

Vanquished Creatures
  An ogre (D:4)
  A scorpion (D:4)
  2 hounds
  2 iguanas
  2 orc priests (D:3)
  A sleepcap (D:5)
  Jessica (D:2)
  2 gnolls (D:2)
  6 adders
  3 worms
  3 dart slugs
  6 orcs
  6 ball pythons
  5 bats
  4 endoplasms
  9 giant cockroaches
  9 hobgoblins
  7 jackals
  4 kobolds
  7 quokkas
  7 frilled lizards
  8 goblins
  5 rats
101 creatures vanquished.

Notes
Turn   | Place    | Note
-------+----------+-------------------------------------------
     0 | D:1      | qw the Gargoyle Hexslinger began the quest for the Orb.
     0 | D:1      | Reached XP level 1. HP: 12/12 MP: 2/2
     0 | D:1      | 0 ||| qw: Version: 0.3-a-52-g30416fa
     0 | D:1      | 0 ||| qw: Game counter: 6600
     0 | D:1      | 0 ||| qw: Melee chars always use a shield: true
     0 | D:1      | 0 ||| qw: God list: Okawaru
     0 | D:1      | 0 ||| qw: Allow faded altars: false
     0 | D:1      | 0 ||| qw: Do Orc after clearing Dungeon:15 true
     0 | D:1      | 0 ||| qw: Do second Lair branch before Depths: true
     0 | D:1      | 0 ||| qw: Lair rune preference: random
     0 | D:1      | 0 ||| qw: Goals: Normal
     0 | D:1      | 0 ||| PLANNING D:1-11
   248 | D:1      | Reached XP level 2. HP: 16/16 MP: 3/3
   331 | D:1      | Reached skill level 3 in Ranged Weapons
   443 | D:1      | Found Xungeajo's Distillery.
   452 | D:1      | 452 ||| BUYING potion of curing (30 gold).
   452 | D:1      | Bought a potion of curing for 30 gold pieces
   452 | D:1      | 452 ||| BUYING potion of curing (30 gold).
   452 | D:1      | Bought a potion of curing for 30 gold pieces
   452 | D:1      | 452 ||| SHOPLISTING potion of enlightenment (50 gold, have
                  | 4).
   452 | D:1      | 452 ||| SHOPLISTING potion of heal wounds (50 gold, have
                  | 4).
   452 | D:1      | 452 ||| SHOPLISTING potion of might (40 gold, have 4).
   452 | D:1      | 452 ||| SHOPLISTING potion of mutation (80 gold, have 4).
   603 | D:1      | Found a faded altar of an unknown god.
   855 | D:1      | 855 ||| UPGRADING to +0 pair of boots.
   860 | D:1      | 860 ||| DROPPING ring of wizardry.
   861 | D:1      | 861 ||| READING scroll labelled ZONLAL YSYEDI.
   862 | D:1      | 862 ||| READING scroll labelled XYICOER MOZUC.
   863 | D:1      | 863 ||| READING scroll labelled ITHUQE MILI.
   864 | D:1      | 864 ||| READING scroll labelled ETWEGO WIR.
   865 | D:1      | 865 ||| READING scroll labelled RUACI OZXUATIS.
   869 | D:1      | 869 ||| DRINKING 3 bubbling red potions.
   912 | D:1      | 912 ||| DROPPING scroll of poison.
   913 | D:1      | 913 ||| DROPPING 2 potions of lignification.
   959 | D:2      | Reached XP level 3. HP: 21/21 MP: 4/4
   974 | D:2      | Noticed Jessica
   989 | D:2      | Killed Jessica
   990 | D:2      | Reached XP level 4. HP: 18/26 MP: 5/5
  1002 | D:2      | Reached skill level 4 in Ranged Weapons
  1015 | D:2      | 1015 ||| FLEEEEING.
  1016 | D:2      | 1016 ||| FLEEEEING.
  1344 | D:2      | 1344 ||| Stepping ~*~*~tactically~*~*~ (outnumbered).
  1353 | D:2      | HP: 4/26 [gnoll/+0 spear (5)]
  1480 | D:2      | You fall into a shaft and drop 2 floors!
  1481 | D:4      | 1481 ||| UPGRADING to +0 ring mail.
  1491 | D:4      | 1491 ||| DROPPING +0 robe.
  1492 | D:4      | 1492 ||| READING scroll labelled QURUYF UR UGHO.
  1493 | D:4      | 1493 ||| FLEEEEING.
  1494 | D:4      | 1494 ||| FLEEEEING.
  1495 | D:4      | 1495 ||| FLEEEEING.
  1496 | D:4      | 1496 ||| STAIRDANCE
  1503 | D:3      | Reached XP level 5. HP: 30/30 MP: 6/6
  1548 | D:3      | Found Faoj's Book Boutique.
  1559 | D:3      | Found a basalt altar of Yredelemnul.
  1628 | D:3      | 1628 ||| DRINKING 3 cyan potions.
  1733 | D:3      | 1733 ||| DRINKING 2 smoky golden potions.
  1734 | D:3      | 1734 ||| DROPPING 2 potions of berserk rage.
  1735 | D:3      | 1735 ||| DROPPING potion of brilliance.
  1739 | D:3      | 1739 ||| STAIRDANCE
  1889 | D:2      | 1889 ||| DRINKING 2 coppery potions.
  1890 | D:2      | 1890 ||| DROPPING potion of degeneration.
  1961 | D:3      | Reached skill level 1 in Armour
  1964 | D:3      | 1964 ||| Stepping ~*~*~tactically~*~*~ (outnumbered).
  1970 | D:3      | 1970 ||| Stepping ~*~*~tactically~*~*~ (outnumbered).
  1983 | D:3      | Reached skill level 5 in Ranged Weapons
  2142 | D:3      | Reached skill level 3 in Fighting
  2183 | D:3      | 2183 ||| Stepping ~*~*~tactically~*~*~ (outnumbered).
  2473 | D:3      | 2473 ||| READING 2 scrolls labelled AWAGAPHETIDGH.
  2474 | D:3      | 2474 ||| READING scroll labelled SIOFOX VUILICO.
  2487 | D:4      | 2487 ||| STAIRDANCE
  2496 | D:3      | HP: 8/32 [jackal (3)]
  2501 | D:3      | Reached XP level 6. HP: 7/37 MP: 7/7
  2504 | D:3      | HP: 7/37 [goblin/+0 club (1)]
  2511 | D:3      | HP: 7/37 [jackal (1)]
  2850 | D:4      | Reached skill level 6 in Ranged Weapons
  2892 | D:4      | Reached XP level 7. HP: 12/43 MP: 8/8
  3184 | D:4      | 3184 ||| READING 2 scrolls of identify.
  3184 | D:4      | 3184 ||| IDENTIFYING blue potion
  3228 | D:5      | Entered Level 5 of the Dungeon
  3316 | D:5      | Noticed Pikel
  3334 | D:5      | HP: 1/43 [orc priest/divine providence (11)]
  3334 | D:5      | Slain by an ogre

Levels and vault maps discovered:
D:1:      shiori_arrival_oz, layout_basic,
          dreamdust_ecumenical_altar_sealed_demon, serial_shops,
          nicolae_shop_industrial_runoff, serial_forest,
          infiniplex_forest_clump_curved, infiniplex_forest_side_room,
          infiniplex_forest_end_2, infiniplex_forest_straight_4,
          infiniplex_forest_lined_1, infiniplex_forest_clump_tiny,
          infiniplex_forest_lined_room_2, minmay_door_square
D:2:      wad_woods_tower, layout_rooms, uniq_jessica
D:3:      layout_loops_ring, lemuel_round_altar, serial_shops, shop,
          kennysheep_generic_room_11
D:4:      layout_cave_pools
D:5:      layout_basic, uniq_pikel

Skill      XL: |  1  2  3  4  5  6 |
---------------+-------------------+-----
Ranged Weapons | 3 4 5 6 |  6.7
Fighting       | 2 3 4 |  4.1
Armour         | 1 |  1.0
Dodging        | |  1.5
Spellcasting   | |  1.0
Hexes          | |  2.6

Action                     |  1- 3 |  4- 6 |  7- 9 || total
---------------------------+-------+-------+-------++-------
   Fire: Sling             |    72 |   243 |    52 ||   367
    Use: Scroll            |     5 |     3 |     1 ||     9
         Potion            |     1 |     3 |       ||     4
 Armour: Robe              |     9 |     9 |       ||    18
         Ring mail         |       |    72 |    16 ||    88
  Dodge: Dodged            |    12 |    97 |    22 ||   131

Table legend:
 A = Non-vault XP
 B = Vault XP
 C = Vault XP percentage of total XP
 D = Non-vault monster count
 E = Vault monster count
 F = Vault count percentage of total count
                 A         B        C        D         E       F
            +---------+---------+-------+---------+---------+-------
      Total |     710 |      90 |  11.2 |      91 |      10 |   9.9
            +---------+---------+-------+---------+---------+-------
        D:1 |      26 |       3 |  10.3 |      16 |       2 |  11.1
        D:2 |      61 |      74 |  54.8 |      23 |       7 |  23.3
        D:3 |     181 |      13 |   6.7 |      28 |       1 |   3.4
        D:4 |     317 |       0 |   0.0 |      19 |       0 |   0.0
        D:5 |     125 |       0 |   0.0 |       5 |       0 |   0.0
            +---------+---------+-------+---------+---------+-------
